 Dungeon Crawl Stone Soup version 0.28.0-45-g0d030f2227 (console) character file.

Game seed: 11799563445431660012

25 erker the Sneak (level 3, 0/23 HPs)
             Began as a Gargoyle Delver on Apr 2, 2022.
             Slain by a jackal (2 damage)
             ... on level 3 of the Dungeon.
             The game lasted 00:05:27 (413 turns).

erker the Sneak (Gargoyle Delver)                    Turns: 413, Time: 00:05:28

Health: 0/23       AC:  6    Str: 15    XL:     3   Next: 4%
Magic:  12/12      EV: 12    Int: 12    God:
Gold:   38         SH:  0    Dex: 15    Spells: 2/2 levels left

rFire   + . .      SeeInvis +   a - +0 hand axe
rCold   . . .      Faith    .   (no shield)
rNeg    + . .      Spirit   .   i - +0 leather armour of Patterns {rF+ Dex+4 SInv Stlth+}
rPois   ∞          Reflect  .   (no helmet)
rElec   +          Harm     .   (no cloak)
rCorr   .          Rampage  .   (no gloves)
Will    .....                   (no boots)
Stlth   ++++......              (no amulet)
HPRegen 0.07/turn               k - ring of magical power
MPRegen 0.13/turn               (no ring)

@: hasted, very quick
A: sickness immunity, AC +3, negative energy resistance 1, electricity
resistance, torment resistance 1, petrification resistance
a: no special abilities


You were on level 3 of the Dungeon.
You visited 1 branch of the dungeon, and saw 3 of its levels.

You collected 38 gold pieces.

Inventory:

Hand Weapons
 a - a +0 hand axe (weapon)
Missiles
 j - 22 arrows
Armour
 b - a +0 leather armour
 i - the +0 leather armour of Patterns (worn) {rF+ Dex+4 SInv Stlth+}
   (You found it on level 5 of the Dungeon)

   Dex:       It affects your dexterity (+4).
   rF:        It protects you from fire.
   SInv:      It lets you see invisible.
   Stlth:     It makes you more stealthy.
Jewellery
 k - a ring of magical power (left hand)
Wands
 g - a wand of digging (3)
Scrolls
 c - a scroll of fog
 d - a scroll of magic mapping
 e - a scroll of fear
Potions
 h - 2 potions of heal wounds {unknown}
 l - a potion of curing {unknown}


   Skills:
 + Level 3.5 Fighting
 * Level 2.4 Axes
 * Level 1.2 Armour
 + Level 1.7 Dodging
 - Level 5.4 Stealth


You had 2 spell levels left.
You didn't know any spells.
Your spell library contained the following spells:

 Spells                   Type           Power      Damage    Failure   Level
 Hailstorm                Conj/Ice       0%         3d3       99%         4
 Ice Form                 Ice/Tmut       0%         N/A       99%         4
 Simulacrum               Ice/Necr       0%         N/A       100%        6


Dungeon Overview and Level Annotations

Branches:
Dungeon (5/15)
 Temple: D:4-7

Altars:

Annotations:
D:4 Duvessa


Innate Abilities, Weirdness & Mutations

You are immune to sickness and miasma.
Your stone body is resilient. (AC +3)
You are immune to poison.
You resist negative energy. (rN+)
You are resistant to electric shocks. (rElec)
You are resistant to unholy torment.
You are immune to petrification.


Message History

You hit the jackal.
You kill the jackal!
You hit the orc but do no damage. The orc barely misses you.
You slash the orc!
You kill the orc!
You hit the orc but do no damage. You closely miss the orc.
The orc is heavily wounded.
The orc hits you but does no damage.
You hit the orc.
You kill the orc!
You have reached level 3!
Your experience leads to an increase in your attributes!
Your base attributes are Str 15, Int 10, Dex 11.
Increase (S)trength, (I)ntelligence, or (D)exterity?
You feel clever. x2
Okay, then.
You start resting.
A jackal comes into view.
You start resting.
A hobgoblin comes into view.
The hobgoblin shouts!
You hit the hobgoblin.
The hobgoblin is moderately wounded.
The hobgoblin hits you.
* * * LOW HITPOINT WARNING * * *
You closely miss the hobgoblin.
The hobgoblin is moderately wounded.
You hit the hobgoblin.
The hobgoblin is almost dead.
The hobgoblin barely misses you.
You barely miss the hobgoblin.
The hobgoblin is almost dead.
You hit the jackal. The jackal barely misses you.
The hobgoblin hits you but does no damage.
The jackal bites you but does no damage.
You barely miss the hobgoblin.
The hobgoblin is almost dead.
You hit the jackal. The jackal bites you.
You die...

#.......#
#.......#
......######
#.........#
#....(....#
#>........#
#)##......#
#.......gh#
#......##@#
#......####
#......#
#...h..#
...#...##
####....
...^..
#......


You could see a jackal and a hobgoblin.

Vanquished Creatures
  A hound skeleton (D:4)
  3 orcs (D:3)
  3 jackals (D:3)
  A quokka (D:4)
8 creatures vanquished.

Notes
Turn   | Place    | Note
-------+----------+-------------------------------------------
     0 | D:5      | erker the Gargoyle Delver began the quest for the Orb.
     0 | D:5      | Reached XP level 1. HP: 14/14 MP: 1/1
    55 | D:5      | Identified the +0 leather armour of Patterns {rF+ Dex+4
                  | SInv Stlth+}
   142 | D:4      | Reached skill level 1 in Armour
   142 | D:4      | Reached XP level 2. HP: 9/19 MP: 2/2
   335 | D:4      | Noticed Duvessa
   381 | D:3      | Reached XP level 3. HP: 3/23 MP: 3/3
   413 | D:3      | Slain by a jackal

Illustrated notes

Levels and vault maps discovered:
D:3:      layout_basic, mainiacjoe_overflow_alcove_1,
          nicolae_qazlal_eye_of_the_storm,
          chequers_temple_overflow_statue_of_worship, chequers_big_river
D:4:      layout_loops_ring, tgw_sif, marbit_many_paths,
          hellmonk_ghost_happy_afterlife, uniq_duvessa
D:5:      layout_loops_ring, ashenzari_altar_1, slow_altar_1,
          serial_bayou_lake_a

Skill      XL: |  1 |
---------------+----+-----
Axes           | 2 |  2.4
Armour         | 1 |  1.2
Fighting       | |  3.5
Dodging        | |  1.7
Stealth        | |  5.4

Action                   || total
-------------------------++-------
Melee: Hand axe          ||    41
  Use: Potion            ||     1
Armor: Leather armour    ||    17
Dodge: Dodged            ||    31
